 Dungeon Crawl Stone Soup version 0.31-a0-1338-gb567cfdca4 (webtiles) character file.

Game seed: 670199156854557600

297 bmb222 the Trooper (level 6, -6/67 HPs)
             Began as an Oni Delver on Dec 22, 2023.
             Splashed by a jelly's acid (7 damage)
             ... on level 4 of the Dungeon.
             The game lasted 00:03:19 (1298 turns).

bmb222 the Trooper (Oni Delver)                     Turns: 1298, Time: 00:03:19

Health: -6/67      AC: -9    Str: 19    XL:     6   Next: 35%
Magic:  6/6        EV: 10    Int: 17    God:
Gold:   0          SH:  0    Dex: 10    Spells: 5/5 levels left

rFire   . . .        a - +0 mace
rCold   . . .        (no shield)
rNeg    . . .        b - +0 robe
rPois   .            (helmet restricted)
rElec   .            (no cloak)
rCorr   .            (gloves unavailable)
SInv    .            (boots unavailable)
Will    .....        d - amulet of regeneration
Stlth   ++           h - +6 ring of intelligence
HPRegen 1.11/turn    (no ring)
MPRegen 0.10/turn

%: no passive effects
@: corroded
A: drunken brawling, large, unfitting armour, horns 1, tough skin 1, double
potion healing
a: no special abilities


You were on level 4 of the Dungeon.
You visited 1 branch of the dungeon, and saw 2 of its levels.
You also visited: Sewer.

Inventory:

Hand Weapons
 a - a +0 mace (weapon)
Armour
 b - a +0 robe (worn)
Jewellery
 d - an amulet of regeneration (around neck)
 h - a +6 ring of intelligence (left hand)
Wands
 g - a wand of digging (1)


   Skills:
 + Level 5.7 Fighting
 * Level 4.7 Maces & Flails
 + Level 3.2 Dodging
 - Level 3.7 Stealth


You had 5 spell levels left.
You didn't know any spells.
Your spell library was empty.

Dungeon Overview and Level Annotations

Branches:
Dungeon (5/15)              Sewer (visited)
 Temple: D:4-7

Altars:


Innate Abilities, Weirdness & Mutations

Whenever you drink a potion that restores your health or magic, you attack all enemies around you.
You are too large for most types of armour.
You have a pair of small horns on your head.
You have tough skin. (AC +1)
Whenever you drink a potion that restores your health or magic, it restores twice as much.


Message History

The river rat twitches its whiskers.
The jelly attacks as it pursues you! The jelly closely misses you.
The river rat attacks as it pursues you!
The river rat bites you.
* * * LOW HITPOINT WARNING * * *
You hear a slurping noise.
The jelly eats the door!
Found three items.
The jelly attacks as it pursues you! The jelly hits you but does no damage.
The jelly attacks as it pursues you! The jelly hits you.
* * * LOW HITPOINT WARNING * * *
The acid corrodes you!
You are splashed with acid!
* * * LOW HITPOINT WARNING * * *
There is a gate leading back out of this place here.
Unknown command.
The river rat barely misses you.
There is a collapsed entrance here.
You can't go up here!
Unknown command.
You closely miss the river rat. The jelly closely misses you.
The river rat closely misses you. The jelly completely misses you.
Unknown command.
You sock the river rat!
The river rat is severely wounded.
The river rat bites you.
* * * LOW HITPOINT WARNING * * *
The jelly barely misses you.
You barely miss the river rat.
The river rat is severely wounded.
The river rat bites you.
* * * LOW HITPOINT WARNING * * *
The jelly completely misses you.
You hit the jelly but do no damage. The acid corrodes you!
Your hands burn!
* * * LOW HITPOINT WARNING * * *
Your punch misses the jelly. The river rat bites you!
* * * LOW HITPOINT WARNING * * *
The jelly hits you.
* * * LOW HITPOINT WARNING * * *
The acid corrodes you!
You are splashed with acid!
You die...

....#.. .....#.....
#...........
#...........
#..........
#.........
.........##########
.........~~~~~÷r@J#
..##..|..##########
..##..........#
..##..........#
..##............
.....##+####....
...#.....# ....
...#.#...# ...
...#.#...# ).


You could see a jelly and a river rat.

Vanquished Creatures
  A phantom (D:5)
  A scorpion (D:4)
  2 hounds (D:5)
  An iguana (D:5)
  2 gnolls (D:5)
  2 adders
  A river rat (Sewer)
  2 worms (Sewer)
  A dart slug (D:5)
  An endoplasm (Sewer)
  5 giant cockroaches
  A goblin (D:4)
  2 hobgoblins (D:4)
  2 jackals (Sewer)
  2 quokkas
  3 bats (Sewer)
  3 frilled lizards (Sewer)
  A kobold (D:4)
33 creatures vanquished.

Notes
Turn   | Place    | Note
-------+----------+-------------------------------------------
     0 | D:5      | bmb222 the Oni Delver began the quest for the Orb.
     0 | D:5      | Reached XP level 1. HP: 24/24 MP: 1/1
     3 | D:5      | Noticed a hound
    13 | D:5      | Noticed a hound
    26 | D:5      | Killed a hound
    27 | D:5      | Reached XP level 2. HP: 16/33 MP: 2/2
    27 | D:5      | Reached XP level 3. HP: 20/40 MP: 3/3
   135 | D:5      | Noticed a phantom
   143 | D:5      | Killed a phantom
   144 | D:5      | Reached XP level 4. HP: 44/49 MP: 4/4
   154 | D:5      | Reached skill level 5 in Fighting
   154 | D:5      | Reached XP level 5. HP: 51/57 MP: 5/5
   347 | D:5      | Noticed an ogre
   506 | D:5      | HP: 1/57 [ogre/+0 giant spiked club (39)]
   711 | D:4      | Reached XP level 6. HP: 25/66 MP: 6/6
   952 | D:4      | Found a glowing drain.
   967 | Sewer    | Entered a sewer
  1298 | D:4      | HP: 1/67 [jelly (3)]
  1298 | D:4      | Splashed by a jelly's acid

Illustrated notes

Levels and vault maps discovered:
D:4:      layout_basic, portal_sewer_entry_d, uniq_robin
D:5:      layout_loops_ring

Skill      XL: |  1  2  3  4  5 |
---------------+----------------+-----
Dodging        | 2 3 |  3.2
Maces & Flails | 3 4 |  4.7
Fighting       | 5 |  5.7
Stealth        | |  3.7

Action                     |  1- 3 |  4- 6 || total
---------------------------+-------+-------++-------
  Melee: Mace              |     8 |   112 ||   120
         Headbutt          |       |    11 ||    11
         Punch             |       |     1 ||     1
  Evoke: Wand              |     2 |     6 ||     8
    Use: Potion            |     1 |       ||     1
         Scroll            |       |     3 ||     3
   Stab: Sleeping          |       |     3 ||     3
 Armour: Robe              |     8 |   118 ||   126
  Dodge: Dodged            |     6 |   111 ||   117

Table legend: (Time is in decaauts)
 A = Elapsed time spent in this place.
 B = Non-inter-level travel time spent in this place.
 C = Inter-level travel time spent in this place.
 D = Time resting spent in this place.
 E = Time spent auto-exploring this place.
 F = Levels seen in this place.
 G = Mean time per level.
                   A        B        C        D        E       F      G
               +--------+--------+--------+--------+--------+-----+--------+
         Total |   1300 |   1294 |      6 |    605 |    177 |   3 |  433.3 |
       Dungeon |    962 |    956 |      6 |    605 |     33 |   2 |  481.0 |
         Sewer |    337 |    337 |      0 |      0 |    144 |   1 |  337.0 |
               +--------+--------+--------+--------+--------+-----+--------+

Top non-repeatable levels by time:
     D:5: 502 daAuts
     D:4: 460 daAuts
   Sewer: 337 daAuts
